 Dungeon Crawl Stone Soup version 0.29-a0-1016-g236c7fd91e (webtiles) character file.

Game seed: 1788690657590284076

2635 componib the Covered (level 9, -3/79 HPs)
             Began as a Minotaur Berserker on Aug 9, 2022.
             Was a Priest of Trog.
             Slain by a yak (5 damage)
             ... on level 5 of the Dungeon.
             The game lasted 00:25:39 (5246 turns).

componib the Covered (Minotaur Berserker)           Turns: 5246, Time: 00:25:39

Health: -3/79      AC: 14    Str: 25    XL:     9   Next: 35%
Magic:  8/8        EV:  9    Int:  4    God:    Trog [***...]
Gold:   257        SH:  0    Dex: 17    Spells: 8/8 levels left

rFire   . . .      SeeInvis .   u - +2 scythe (flame)
rCold   . . .      Faith    .   (shield currently unavailable)
rNeg    + . .      Spirit   .   s - +0 plate armour
rPois   .          Reflect  .   (helmet restricted)
rElec   .          Harm     .   (no cloak)
rCorr   .          Rampage  .   (no gloves)
Will    .....                   m - +0 pair of boots
Stlth   ..........              r - amulet of magic regeneration
HPRegen 0.23/turn               v - ring of positive energy
MPRegen 0.51/turn               z - +6 ring of dexterity

@: no status effects
A: horns 2, retaliatory headbutt
a: Renounce Religion, Berserk, Trog's Hand


You were on level 5 of the Dungeon.
You worshipped Trog.
Trog was most pleased with you.
You visited 1 branch of the dungeon, and saw 5 of its levels.

You collected 257 gold pieces.

Inventory:

Hand Weapons
 q - the +7 rapier of Wu Jian's Inspiration {venom, rPois rC+}
   (You took it off a kobold on level 3 of the Dungeon)

   It poisons the flesh of those it strikes.
   rC:        It protects you from cold.
   rPois:     It protects you from poison.
 u - a +2 scythe of flaming (weapon)
 x - a +3 vorpal flail
 A - a +2 sling of flaming
 D - a +3 quarterstaff of chaos
Missiles
 c - 93 stones (quivered)
Armour
 m - a +0 pair of boots (worn)
 s - a +0 plate armour (worn)
 F - +0 steam dragon scales
Jewellery
 r - an amulet of magic regeneration (around neck)
 v - a ring of positive energy (left hand)
 z - a +6 ring of dexterity (right hand)
Wands
 f - a wand of polymorph (3)
Scrolls
 a - a scroll of noise {unknown}
 l - 2 scrolls of vulnerability {unknown}
 n - 2 scrolls of enchant weapon {unknown}
Potions
 e - a potion of attraction {unknown}
 g - a potion of heal wounds {unknown}
 i - a potion of cancellation {unknown}
 k - a potion of experience {unknown}
 o - 3 potions of resistance
 p - 4 potions of curing {unknown}
 t - 2 potions of degeneration
 w - 5 potions of brilliance
 B - a potion of mutation {unknown}


   Skills:
 + Level 7.6 Fighting
 + Level 7.8(8.6) Short Blades
 + Level 6.1(8.3) Long Blades
 + Level 3.7 Polearms
 + Level 0.7 Throwing
 + Level 7.9 Armour
 + Level 3.6 Dodging
 + Level 0.6 Stealth
 + Level 1.1 Unarmed Combat


You had 8 spell levels left.
You didn't know any spells.
Your spell library contained the following spells:

 Spells                   Type           Power      Damage    Failure   Level
 Sublimation of Blood     Necr           0%         N/A       100%        2
 Petrify                  Tmut/Erth      0%         N/A       100%        4
 Irradiate                Conj/Tmut      0%         3d11      100%        5


Dungeon Overview and Level Annotations

Branches:
Dungeon (5/15)
 Temple: D:4-7

Altars:
Uskayaw
Xom

Shops:
D:1 *


Innate Abilities, Weirdness & Mutations

You have a pair of horns on your head.
You reflexively headbutt those who attack you in melee.


Message History

* * * LOW HITPOINT WARNING * * *
The yak gores you but does no damage.
You hit the yak. You burn the yak.
The yak is severely wounded.
The yak gores you but does no damage.
You hit the yak. You burn the yak. You headbutt the yak.
You kill the yak!
Trog accepts your kill.
Your Polearms skill increases to level 3!
Your Unarmed Combat skill increases to level 1!
You slash the yak! You burn the yak.
The yak is moderately wounded.
The yak gores you.
* * * LOW HITPOINT WARNING * * *
The yak gores you.
* * * LOW HITPOINT WARNING * * *
You slash the yak! You burn the yak. Your headbutt misses the yak.
The yak is severely wounded.
The yak gores you but does no damage.
You hit the yak. You burn the yak.
The yak is almost dead.
The yak gores you but does no damage.
You closely miss the yak.
The yak is almost dead.
The yak gores you!
* * * LOW HITPOINT WARNING * * *
The yak gores you!
* * * LOW HITPOINT WARNING * * *
You closely miss the yak. You headbutt the yak.
You kill the yak!
Trog accepts your kill.
You puncture the yak! You burn the yak.
The yak is moderately wounded.
The yak gores you.
* * * LOW HITPOINT WARNING * * *
Okay, then.
You barely miss the yak. You headbutt the yak.
The yak is moderately wounded.
The yak gores you but does no damage. The yak gores you.
You die...

...##..## #.# #..#
.......Y# #.# #..#
≈≈...Y..# #.# #..#
≈≈≈≈...Y# #.# #.>#
≈≈≈≈≈≈..# #.# ##.#
.≈≈≈≈≈≈.# #.# #.#
.≈≈≈≈≈≈.## #.# #.#
.≈≈≈≈≈≈..####.####.#
≈≈≈≈≈≈≈..Y@........#
≈≈≈≈≈≈..############
≈≈≈≈....# ≈≈......#
......[.# #########


You could see a yak.

Vanquished Creatures
  Pikel (D:4)
  Grinder (D:3)
  Eustachio (D:4)
  Sigmund (D:3)
  5 yaks (D:5)
  A steam dragon (D:5)
  A black bear (D:5)
  An ice beast (D:4)
  A lemure (D:4)
  Blork the orc (D:5)
  A necrophage (D:4)
  2 scorpions (D:5)
  A howler monkey (D:5)
  A hound (D:4)
  Crazy Yiuf (D:4)
  4 orc priests (D:4)
  5 gnolls
  4 adders
  A white imp (D:5)
  2 worms
  3 dart slugs
  15 orcs
  6 endoplasms
  3 giant cockroaches
  10 hobgoblins
  A quokka (D:1)
  8 ball pythons
  5 bats
  2 frilled lizards
  7 goblins
  5 kobolds
  5 rats
106 creatures vanquished.

Vanquished Creatures (others)
  4 fungi (D:1)
  A plant (D:1)
5 creatures vanquished.

Grand Total: 111 creatures vanquished

Notes
Turn   | Place    | Note
-------+----------+-------------------------------------------
     0 | D:1      | componib the Minotaur Berserker began the quest for the
                  | Orb.
     0 | D:1      | Reached XP level 1. HP: 19/19 MP: 0/0
    89 | D:1      | Found Ejiak's General Store.
   260 | D:1      | Reached XP level 2. HP: 27/27 MP: 1/1
   685 | D:1      | Found a faded altar of an unknown god.
   818 | D:1      | Reached XP level 3. HP: 32/34 MP: 2/2
   985 | D:2      | Reached ** piety under Trog
   996 | D:2      | Reached XP level 4. HP: 6/41 MP: 3/3
  1655 | D:2      | Reached skill level 5 in Long Blades
  1991 | D:3      | Reached skill level 5 in Fighting
  2021 | D:3      | Found a shimmering altar of Xom.
  2021 | D:3      | Found a hide-covered altar of Uskayaw.
  2085 | D:3      | Identified the +7 rapier of Wu Jian's Inspiration {venom,
                  | rPois rC+}
  2754 | D:3      | Noticed Sigmund
  2759 | D:3      | Killed Sigmund
  2760 | D:3      | Reached XP level 5. HP: 32/48 MP: 4/4
  2760 | D:3      | Reached XP level 6. HP: 37/56 MP: 5/5
  2938 | D:3      | Noticed Grinder
  2951 | D:3      | Killed Grinder
  2952 | D:3      | Reached skill level 1 in Short Blades
  3172 | D:4      | Reached XP level 7. HP: 32/62 MP: 6/6
  3318 | D:4      | Reached skill level 5 in Armour
  3597 | D:4      | Reached *** piety under Trog
  3815 | D:4      | Noticed Pikel
  3833 | D:4      | Killed Pikel
  3834 | D:4      | Reached skill level 5 in Short Blades
  3834 | D:4      | Reached XP level 8. HP: 21/71 MP: 7/7
  4255 | D:4      | Noticed Eustachio
  4296 | D:4      | Killed Eustachio
  4513 | D:4      | Found a runed translucent door.
  4514 | D:4      | Noticed Crazy Yiuf
  4523 | D:4      | Killed Crazy Yiuf
  4587 | D:5      | Entered Level 5 of the Dungeon
  4587 | D:5      | Noticed Blork the orc
  4589 | D:5      | Killed Blork the orc
  4978 | D:5      | Reached skill level 1 in Polearms
  5228 | D:5      | Reached XP level 9. HP: 54/79 MP: 8/8
  5240 | D:5      | Reached skill level 1 in Unarmed Combat
  5245 | D:5      | HP: 2/79 [yak (3)]
  5246 | D:5      | Slain by a yak

Illustrated notes

Levels and vault maps discovered:
D:1:      minmay_arrival_shattered_statue, layout_loops_cross, serial_shops,
          nicolae_shop_competitors_out_of_business,
          shapermc_ecumenical_altar_ellora
D:2:      minmay_inner_zag, layout_loops_ring, roderic_st_hans_cross,
          chequers_mini_garden
D:3:      layout_loops_corners, nicolae_overflow_two_pavilions,
          kennysheep_flooded_box, uniq_grinder, uniq_sigmund
D:4:      layout_loops_ring, minmay_quantized, uniq_crazy_yiuf_cottage,
          uniq_pikel, uniq_eustachio
D:5:      layout_basic, temple_pool_b, uniq_blork_the_orc

Skill      XL: |  1  2  3  4  5  6  7  8  9 |
---------------+----------------------------+-----
Long Blades    | 4 5 6 |  6.1
Fighting       | 4 5 6 7 |  7.6
Armour         | 3 4 6 7 |  7.9
Dodging        | 3 |  3.6
Short Blades   | 2 5 7 |  7.8
Polearms       | 1 3 |  3.7
Unarmed Combat | 1 |  1.1
Throwing       | |  0.7
Stealth        | |  0.6

Action                   |  1- 3 |  4- 6 |  7- 9 || total
-------------------------+-------+-------+-------++-------
Melee: Falchion          |    68 |    55 |       ||   123
       Headbutt          |    18 |    16 |    20 ||    54
       Rapier            |       |    32 |   100 ||   132
       Halberd           |       |       |    45 ||    45
       Unarmed           |       |       |     5 ||     5
Throw: Stone             |     5 |     3 |       ||     8
  Use: Scroll            |       |       |     3 ||     3
Armor: Animal skin       |     3 |       |       ||     3
       Leather armour    |     7 |     2 |       ||     9
       Scale mail        |       |    16 |       ||    16
       Plate armour      |       |    17 |    81 ||    98
Dodge: Dodged            |    32 |    29 |    50 ||   111

Table legend: (Time is in decaauts)
 A = Elapsed time spent in this place.
 B = Non-inter-level travel time spent in this place.
 C = Inter-level travel time spent in this place.
 D = Time resting spent in this place.
 E = Time spent auto-exploring this place.
 F = Levels seen in this place.
 G = Mean time per level.
                   A        B        C        D        E       F      G
               +--------+--------+--------+--------+--------+-----+--------+
         Total |   5261 |   5147 |    114 |   1463 |   1772 |   5 | 1052.2 |
       Dungeon |   5261 |   5147 |    114 |   1463 |   1772 |   5 | 1052.2 |
               +--------+--------+--------+--------+--------+-----+--------+

Top non-repeatable levels by time:
     D:4: 1459 daAuts
     D:3: 1176 daAuts
     D:1: 982 daAuts
     D:2: 965 daAuts
     D:5: 677 daAuts
